[Event "RUS-chT Premier 2021"]
[White "Dubov,Daniil"]
[Black "Motylev,Alexander"]
[WhiteTeam "Wildberries Молодёжка"]
[BlackTeam "Гоголевский, 14"]
[Site "Sochi"]
[Round "9.1"]
[Annotator "ChessBase"]
[Result "1-0"]
[Date "2021.05.10"]
[WhiteElo "2710"]
[BlackElo "2641"]
[PlyCount "95"]
[TimeControl "60"]

1. d4 Nf6 2. c4 e6 3. Nf3 a6 4. Nc3 d5 5. c5 b6 6. cxb6 cxb6 7. Bf4 Bd6 8. e3 0-0 9. Bd3 Nc6 10. 0-0 Bb7 11. Bg5 h6 12. Bh4 Be7 13. Rc1 Rc8 14. Qe2 Nb4 15. Bb1 a5 16. Rfe1 Ba6 17. Qd1 Ne4 18. Bxe7 Qxe7 19. Ne5 Bb7 20. Bxe4 dxe4 21. a3 Nc6 22. Nc4 Nxd4 23. Qxd4 Rfd8 24. Qxb6 Rxc4 25. Qxa5 Rd2 26. Ne2 Rcc2 27. Rxc2 Rxc2 28. Qb6 e5 29. Ng3 Qd7 30. h4 Qd2 31. Re2 Rc1+ 32. Kh2 Qd7 33. Qb4 Qg4 34. Re1 Qxh4+ 35. Kg1 Rxe1+ 36. Qxe1 Qe7 37. Qb1 Qc7 38. b4 Qc4 39. Qa1 f6 40. Qd1 Qc8 41. b5 Kh7 42. a4 f5 43. Qd2 Qf8 44. Qd7 Bc8 45. Qc7 f4 46. exf4 exf4 47. Nxe4 f3 48. b6 1-0

[Event "RUS-chT Premier 2021"]
[White "Paravyan,David"]
[Black "Kobalia,Mikhail"]
[WhiteTeam "Wildberries Молодёжка"]
[BlackTeam "Гоголевский, 14"]
[Site "Sochi"]
[Round "9.3"]
[Annotator "ChessBase"]
[Result "1/2-1/2"]
[Date "2021.05.10"]
[WhiteElo "2647"]
[BlackElo "2587"]
[PlyCount "75"]
[TimeControl "60"]

1. d4 {} d5 2. c4 c6 3. cxd5 cxd5 4. Bf4 e6 5. e3 Bd6 6. Bxd6 {D10: Slav Defence: 3 cxd5 (without early Nf3)
and 3 Nc3.} Qxd6 7. Nc3 Ne7 $1 { is more profitable than 7...Nf6 at
the moment.} 8. Bd3 {White is slightly better.} Nbc6 9. Nf3 Bd7 10. 0-0 0-0 11. Rc1 Rfc8 {[#]} 12. Nb5 $5 $146 { An interesting novelty.} ({
Predecessor:} 12. Qe2 Be8 13. h3 f6 14. Rfe1 {1/2-1/2 (14) Kazhgaleyev,M (2569)
-Kobalia,M (2614) chess.com INT 2020} )Qb8 13. a3 Be8 14. Qd2 f6 15. e4 Bh5 16. Qe3 a6 17. Nc3 Bxf3 18. Qxf3 {} Nxd4 19. Qg4 dxe4 20. Qxe4 { [#] Double Attack} Nef5 (20... Qe5 $11 {keeps the balance.} )21. Kh1 (21. g4 $16 )Rc5 (21... Qe5 $11 )22. f4 $1 $14 {aiming for g4.} Qd8 (22... h5 $14 )23. g4 $16 Ne7 24. Qxh7+ Kf7 25. f5 exf5 {[#]} 26. Qh5+ ({
Of course not} 26. gxf5 $6 Qh8 $11 )Kg8 27. Rcd1 (27. gxf5 $16 {Hoping
for Ne4.} Nd5 28. Be4 )Qe8 $36 { Black is pushing.The
position is equal.} 28. Qxe8+ Rxe8 29. Bb1 Nec6 30. gxf5 Rce5 31. Kg2 b5 32. Rf4 Ne2 33. Ba2+ Kf8 34. Nxe2 Rxe2+ { Double Attack} 35. Rf2 Rxf2+ 36. Kxf2 { Endgame KRB-KRN} Ne5 37. Be6 Ke7 38. h4 Rh8 39. Kg3 Rd8 40. Rxd8 Kxd8 {KB-KN} 41. b4 Nc6 42. Bd5 Nd4 43. Be4 Kd7 44. Kg4 Kd6 45. Bb7 Nc2 46. Bxa6 {Kh5 is the strong threat.} Nxa3 47. Kh5 {Threatens to win with Kg6.} Ke7 $1 48. Kg6 Kf8 49. h5 Nc2 50. Bxb5 Nxb4 51. h6 gxh6 52. Kxf6 Nd5+ 53. Kg6 Ne7+ 54. Kxh6 Nxf5+ {Weighted Error Value: White=0.11/Black=0.11} 1/2-1/2

[Event "RUS-chT Premier 2021"]
[White "Murzin,Volodar"]
[Black "Riazantsev,Alexander"]
[WhiteTeam "Гоголевский, 14"]
[BlackTeam "Wildberries Молодёжка"]
[Site "Sochi"]
[Round "9.4"]
[Annotator "ChessBase"]
[Result "1/2-1/2"]
[Date "2021.05.10"]
[WhiteElo "2478"]
[BlackElo "2631"]
[PlyCount "81"]
[TimeControl "60"]

1. e4 c5 2. Nf3 d6 3. d4 cxd4 4. Qxd4 Nc6 5. Qe3 Nf6 6. Be2 g6 7. 0-0 Bg7 8. Rd1 0-0 9. Nc3 Bg4 10. Nd5 Nd7 11. c3 e6 12. Nf4 Qc7 13. h3 Bxf3 14. Bxf3 b5 15. Qd2 b4 16. Qxd6 Qxd6 17. Rxd6 bxc3 18. bxc3 Bxc3 19. Rb1 Nde5 20. Ne2 Ba5 21. Nd4 Nxd4 22. Rxd4 Bb6 23. Rd2 f5 24. exf5 Nxf3+ 25. gxf3 exf5 26. Kg2 Rfe8 27. Rb3 Rac8 28. Bb2 Rcd8 29. Rxd8 Rxd8 30. Bc1 Rd6 31. Kg3 Rc6 32. Be3 Bc7+ 33. Bf4 Bxf4+ 34. Kxf4 Ra6 35. Kg5 Rxa2 36. Rb8+ Kf7 37. Rb7+ Ke6 38. Rxh7 Rxf2 39. Rxa7 Rg2+ 40. Kh6 Rg3 41. f4 1/2-1/2

[Event "RUS-chT Premier 2021"]
[White "Yuffa,Daniil"]
[Black "Savchenko,Boris"]
[WhiteTeam "Wildberries Молодёжка"]
[BlackTeam "Гоголевский, 14"]
[Site "Sochi"]
[Round "9.5"]
[Annotator "ChessBase"]
[Result "0-1"]
[Date "2021.05.10"]
[WhiteElo "2584"]
[BlackElo "2552"]
[PlyCount "124"]
[TimeControl "60"]

1. d4 e6 2. c4 d5 3. Nf3 Nf6 4. g3 dxc4 5. Bg2 Nc6 6. Qa4 Bb4+ 7. Bd2 Nd5 8. Bxb4 Ndxb4 9. 0-0 Rb8 10. Na3 0-0 11. Qb5 b6 12. Qxc4 Ba6 13. Nb5 Qe8 14. Rfc1 Nd5 15. Qxc6 Qxc6 16. Rxc6 Bxb5 17. Rc2 Rfc8 18. Ne5 c5 19. dxc5 Rxc5 20. Rxc5 bxc5 21. Rc1 f6 22. Bh3 Rb6 23. Nc4 Bxc4 24. Rxc4 Kf7 25. e4 Ne7 26. Rxc5 Rxb2 27. a4 Rb6 28. e5 Rc6 29. Rb5 f5 30. Bf1 Rc7 31. a5 g5 32. a6 Ng6 33. Rb7 Re7 34. Bb5 Nxe5 35. f4 gxf4 36. gxf4 Ng6 37. Bd7 Kf6 38. Kf1 h6 39. h4 h5 40. Kg1 Rg7 41. Kf1 Re7 42. Kg1 Rg7 43. Kf1 Nxf4 44. Rxa7 Rg2 45. Bb5 Ra2 46. Rd7 e5 47. Rd6+ Ke7 48. Rd7+ Kf6 49. a7 Ra1+ 50. Kf2 Ke6 51. Bc6 Ra2+ 52. Ke3 Ra3+ 53. Kd2 e4 54. Kc2 e3 55. Kb2 Ra5 56. Rd8 Rxa7 57. Re8+ Re7 58. Rxe7+ Kxe7 59. Kc3 Kf6 60. Bb7 Kg7 61. Bc8 Ng2 62. Kd3 f4 0-1

[Event "RUS-chT Premier 2021"]
[White "Demidov,Mikhail"]
[Black "Kryakvin,Dmitry"]
[WhiteTeam "Гоголевский, 14"]
[BlackTeam "Wildberries Молодёжка"]
[Site "Sochi"]
[Round "9.6"]
[Annotator "ChessBase"]
[Result "1-0"]
[Date "2021.05.10"]
[WhiteElo "2523"]
[BlackElo "2577"]
[PlyCount "121"]
[TimeControl "60"]

1. d4 Nf6 2. c4 e6 3. Nf3 b6 4. a3 Bb7 5. Nc3 d5 6. Bg5 Be7 7. Bxf6 Bxf6 8. cxd5 exd5 9. Qb3 0-0 10. Rd1 Re8 11. e3 c6 12. Bd3 Nd7 13. 0-0 Nf8 14. e4 g6 15. Bb1 Ne6 16. exd5 cxd5 17. Qa4 Re7 18. Ba2 Rc8 19. g3 Kg7 20. Rd2 Bc6 21. Qd1 Qd6 22. Ne5 Bxe5 23. dxe5 Qxe5 24. Bxd5 Qh5 25. Qxh5 gxh5 26. Bxc6 Rxc6 27. h4 Rc5 28. Rfd1 Rec7 29. Kg2 b5 30. Rd6 Rb7 31. Ra6 Rc4 32. Rd5 b4 33. axb4 Rcxb4 34. Nd1 Rd4 35. Rxd4 Nxd4 36. Ra5 Kh6 37. Ne3 Ne6 38. Nc4 Kg6 39. Kf3 Rb4 40. Ne5+ Kf6 41. Nd3 Rb3 42. Ke4 Kg6 43. Ne5+ Kf6 44. Nc4 Rb4 45. Kd3 Rb3+ 46. Kd2 Rb7 47. Rxh5 Rd7+ 48. Kc3 Kg7 49. Ra5 Rc7 50. b4 Kf6 51. Rh5 Kg7 52. Rd5 Rb7 53. Kb3 h6 54. Nd6 Rb6 55. Nc4 Rb7 56. f4 Kf8 57. f5 Ng7 58. g4 Kg8 59. h5 Kh7 60. Rd8 f6 61. Ne3 1-0

[Event "RUS-chT Premier 2021"]
[White "Goganov,Aleksey"]
[Black "Vetokhin,Savva"]
[WhiteTeam "Медный всадник"]
[BlackTeam "Школа М. Ботвинника"]
[Site "Sochi"]
[Round "9.12"]
[Annotator "ChessBase"]
[Result "1/2-1/2"]
[Date "2021.05.10"]
[WhiteElo "2575"]
[BlackElo "2261"]
[PlyCount "71"]
[TimeControl "60"]

1. Nf3 Nf6 2. g3 b5 3. Bg2 Bb7 4. Na3 a6 5. c4 b4 6. Nc2 e6 7. d4 a5 8. 0-0 Be7 9. d5 exd5 10. Nh4 c6 11. cxd5 cxd5 12. Nf5 0-0 13. Nce3 Na6 14. b3 Nc7 15. Bb2 Ne6 16. Rc1 Bc6 17. Rc2 a4 18. Nxd5 Nxd5 19. Bxd5 axb3 20. axb3 Bxd5 21. Qxd5 Bf6 22. Bxf6 Qxf6 23. e3 Ra3 24. Rfc1 g6 25. Nd6 Ra1 26. Rxa1 Qxa1+ 27. Kg2 Qa8 28. Qf3 f5 29. h4 Rb8 30. Qxa8 Rxa8 31. Nb5 Ra5 32. Nd4 Nxd4 33. exd4 Ra3 34. Rc7 Rxb3 35. Rxd7 Rd3 36. d5 1/2-1/2

[Event "RUS-chT Premier 2021"]
[White "Pervakov,Sergey"]
[Black "Potkin,Vladimir"]
[WhiteTeam "Киммерия"]
[BlackTeam "КПРФ"]
[Site "Sochi"]
[Round "9.17"]
[Annotator "ChessBase"]
[Result "0-1"]
[Date "2021.05.10"]
[WhiteElo "2056"]
[BlackElo "2578"]
[PlyCount "134"]
[TimeControl "60"]

1. d4 Nf6 2. Nf3 g6 3. Bf4 Bg7 4. e3 0-0 5. Be2 d6 6. h3 c5 7. c3 Qb6 8. Qb3 Be6 9. Qxb6 axb6 10. a3 Bd5 11. 0-0 Bc6 12. Nbd2 Rc8 13. Rfe1 Nbd7 14. Bf1 Ne4 15. Rad1 h6 16. Nxe4 Bxe4 17. Bb5 Nf6 18. Nd2 Bc6 19. Bd3 Nd7 20. Bg3 b5 21. Nf3 e5 22. dxe5 dxe5 23. e4 c4 24. Bc2 Re8 25. Nd2 Nc5 26. Nf1 Rad8 27. f3 f6 28. Ne3 Kf7 29. Bf2 Bf8 30. Kf1 Nd3 31. Bxd3 cxd3 32. Rd2 Rd7 33. Red1 Red8 34. g4 Ke6 35. Kg2 h5 36. Nf1 hxg4 37. hxg4 Bh6 38. Be3 Bf4 39. Re1 Rh8 40. Ng3 Rdh7 41. Bxf4 exf4 42. Nf1 Rd8 43. Rdd1 Kf7 44. Nd2 f5 45. Rh1 Rxh1 46. Rxh1 fxg4 47. fxg4 Kf6 48. Rh3 Ke5 49. Kf3 Bxe4+ 50. Nxe4 d2 51. Nf2 d1=Q+ 52. Nxd1 Rd3+ 53. Kg2 Rxd1 54. Rh8 Kf6 55. Kf3 Kg5 56. Rb8 Rd3+ 57. Ke2 Re3+ 58. Kf2 Kxg4 59. Rxb7 Re5 60. Ra7 f3 61. a4 Re2+ 62. Kf1 Rxb2 63. Rg7 g5 64. axb5 Kf4 65. c4 g4 66. Rf7+ Kg3 67. Ke1 Kg2 0-1

[Event "RUS-chT Premier 2021"]
[White "Inarkiev,Ernesto"]
[Black "Lobanov,Sergei"]
[WhiteTeam "Шахматная сборная Москвы"]
[BlackTeam "СШОР"]
[Site "Sochi"]
[Round "9.20"]
[Annotator "RC"]
[Result "1-0"]
[Date "2021.05.10"]
[WhiteElo "2654"]
[BlackElo "2520"]
[PlyCount "81"]
[TimeControl "60"]

1. c4 e5 2. Nc3 Nf6 3. Nf3 Nc6 4. e3 Bb4 5. Qc2 0-0 6. Nd5 Re8 7. Qf5 d6 8. Nxf6+ gxf6 9. Qc2 d5 10. a3 Bf8 11. cxd5 Qxd5 12. Bc4 Bf5 13. d3 Qd7 14. e4 Be6 15. Be3 f5 16. Bxe6 Rxe6 17. exf5 Rd6 18. Ng5 Qxf5 19. Ne4 Rg6 20. 0-0-0 Rd8 21. Kb1 Rxg2 22. Bg5 Be7 23. Bxe7 Nxe7 24. Qxc7 Nc6 25. Qxb7 Rg6 26. Rhg1 Rxd3 27. Rxg6+ hxg6 28. Rxd3 Qxe4 29. Qb3 Nd4 30. Qd1 a5 31. f3 Qf5 32. b3 Qh3 33. f4 Qxh2 34. fxe5 Nb5 35. Qd2 Qxe5 36. Qxa5 Qf5 37. Qd8+ Kg7 38. a4 Qf1+ 39. Ka2 Qf2+ 40. Rd2 Nc3+ 41. Kb2 1-0